 Dungeon Crawl Stone Soup version 0.26.0-11-g8f856b5395 (webtiles) character file.

Game seed: 7543670320596880474

3155 Delamore the Basher (level 9, -5/54 HPs)
             Began as a Gargoyle Hunter on Jan 15, 2021.
             Slain by an orc warrior
             ... wielding a +0 dire flail
              (9 damage)
             ... on level 8 of the Dungeon.
             The game lasted 00:08:43 (9958 turns).

Delamore the Basher (Gargoyle Hunter)               Turns: 9958, Time: 00:08:44

Health: -5/54      AC: 19    Str: 19    XL:     9   Next: 93%
Magic:  9/9        EV: 20    Int: 12    God:
Gold:   293        SH:  3    Dex: 10    Spells: 8/8 levels left

rFire    + . .     SeeInvis +   n - +1 whip (venom)
rCold    . . .     Faith    .   C - +0 buckler
rNeg     + . .     Spirit   .   d - +0 plate armour
rPois    ∞         Reflect  .   y - +0 helmet {SInv}
rElec    +         Harm     .   (no cloak)
rCorr    .         Rampage  .   (no gloves)
Will     +....                  (no boots)
Stlth    ..........             N - amulet of the acrobat
HPRegen  0.18/turn              x - ring of willpower
MPRegen  0.11/turn              I - ring of protection from fire

@: acrobat, studying Dodging
A: negative energy resistance 1, electricity resistance, unbreathing,
petrification resistance, miasma immunity, AC +6
a: no special abilities


You were on level 8 of the Dungeon.
You visited 1 branch of the dungeon, and saw 8 of its levels.
You also visited: Ossuary.

You collected 479 gold pieces.
You spent 186 gold pieces at shops.

Inventory:

Hand Weapons
 b - a +0 morningstar
 j - a +0 club
 n - a +1 whip of venom (weapon)
Missiles
 c - 18 javelins (quivered)
Armour
 d - a +0 plate armour (worn)
 y - a +0 helmet of see invisible (worn)
 C - a +0 buckler (worn)
 O - a +1 cloak
Jewellery
 r - an uncursed amulet of faith
 u - a +6 ring of dexterity
 x - a ring of willpower (left hand)
 B - an uncursed ring of resist corrosion
 I - a ring of protection from fire (right hand)
 N - an amulet of the acrobat (around neck)
Wands
 e - a wand of acid (5)
Scrolls
 a - 2 scrolls of enchant weapon
 f - 2 scrolls of enchant armour
 h - 13 scrolls of remove curse
 l - 7 scrolls of teleportation
 p - 2 scrolls of summoning
 v - 4 scrolls of fear
 z - 4 scrolls of random uselessness
 A - a scroll of immolation
 D - 2 scrolls of magic mapping
 E - 4 scrolls of noise
 K - a scroll of blinking
 L - a scroll of identify
 M - a scroll of torment {unknown}
Potions
 g - 2 potions of ambrosia
 i - a potion of invisibility
 k - 6 potions of cancellation
 m - 3 potions of lignification
 o - 4 potions of heal wounds
 q - 4 potions of attraction {unknown}
 s - 6 potions of curing
 t - 5 potions of flight {unknown}
 w - 2 potions of magic {unknown}
 F - a potion of might {unknown}
 H - 3 potions of haste {unknown}
 J - a potion of mutation {unknown}
Books
 G - a manual of Dodging


   Skills:
 - Level 5.0 Fighting
 + Level 11.7 Maces & Flails
 - Level 3.6 Throwing
 - Level 5.0 Armour
 - Level 1.5 Dodging
 - Level 1.1 Stealth


You had 8 spell levels left.
You didn't know any spells.
Your spell library contained the following spells:

 Spells                   Type           Power        Failure   Level
 Magic Dart               Conj           0%           100%        1
 Summon Small Mammal      Summ           0%           100%        1
 Blink                    Tloc           N/A          100%        2
 Call Imp                 Summ           0%           100%        2
 Slow                     Hex            0%           100%        2
 Call Canine Familiar     Summ           0%           100%        3
 Conjure Flame            Conj/Fire      0%           100%        3
 Mephitic Cloud           Conj/Pois/Air  0%           100%        3
 Summon Guardian Golem    Hex/Summ       0%           100%        3
 Summon Ice Beast         Ice/Summ       0%           100%        4
 Summon Lightning Spire   Summ/Air       0%           100%        4


Dungeon Overview and Level Annotations

Branches:
Dungeon (8/15)             Temple (0/1) D:7         Ossuary (visited)
   Lair: D:8-11

Altars:
Nemelex Xobeh
Trog
Uskayaw
Xom
Yredelemnul
The Shining One

Shops:
D:7 ?


Innate Abilities, Weirdness & Mutations

You are resistant to torment.
Your stone body is resilient. (AC +6)
You are immune to poison.
You resist negative energy. (rN+)
You are resistant to electric shocks. (rElec)
You can survive without breathing.
You are immune to petrification.
You are immune to miasma.


Message History

You are too injured to fight recklessly!
You closely miss the orc warrior.
The orc warrior is moderately wounded.
You hit the orc warrior but do no damage.
The orc warrior is moderately wounded.
The orc warrior hits you with a +0 dire flail.
You hit the orc warrior but do no damage.
The orc warrior looks as sick as possible!
The orc warrior is moderately wounded.
The orc hits you but does no damage.
You hit the orc warrior but do no damage.
The orc warrior is heavily wounded.
The orc warrior hits you with a +0 dire flail!!
* * * LOW HITPOINT WARNING * * *
You hit the orc warrior but do no damage.
The orc warrior looks as sick as possible!
The orc warrior is heavily wounded.
The orc hits you but does no damage.
The orc warrior hits you with a +0 dire flail!
You die...

....... .......... #.......
##.......... .##......
#........... .......##
#........... #......#
##..)........
#......###............
#......##............
#############.......#...........#
#...............@..............##
..............[oo.............##
.............................##
...........................###
..........................##
.>.......................###
...........................####
................................
............................####


You could see an orc warrior (extremely poisoned) and an orc.

Vanquished Creatures
  Prince Ribbit (D:8)
  Sigmund (D:4)
  A wyvern (D:5)
  3 phantoms
  2 orc warriors
  A black bear (D:7)
  2 sky beasts
  2 ogres
  A centaur (D:5)
  A bullfrog (D:7)
  6 scorpions
  3 killer bees (D:7)
  3 howler monkeys
  2 hounds (D:7)
  2 jellies
  3 bullfrog skeletons
  A gnoll shaman (D:5)
  3 orc priests
  A centaur skeleton (D:4)
  Jessica (D:2)
  4 iguanas
  3 worker ants
  Natasha (twice) (D:4)
  5 orc wizards
  3 mummies (Ossuary)
  A worker ant zombie (D:5)
  8 adders
  4 gnolls (D:5)
  A howler monkey skeleton (D:5)
  2 shadow imps
  A white imp (D:6)
  An ufetubus (D:8)
  4 oozes
  2 adder skeletons
  3 worms
  2 dart slugs (D:1)
  5 leopard geckos
  21 orcs
  12 bats
  5 giant cockroaches
  6 gnoll zombies (Ossuary)
  9 goblins
  8 hobgoblins
  11 jackals
  6 kobolds
  2 ball pythons
  15 frilled lizards
  2 goblin zombies (Ossuary)
  A leopard gecko zombie (D:6)
  A quokka skeleton (D:7)
  A quokka zombie (D:7)
  7 rats
198 creatures vanquished.

Notes
Turn   | Place    | Note
-------+----------+-------------------------------------------
     0 | D:1      | Delamore the Gargoyle Hunter began the quest for the Orb.
     0 | D:1      | Reached XP level 1. HP: 12/12 MP: 1/1
   130 | D:1      | Reached skill level 1 in Armour
   174 | D:1      | Reached XP level 2. HP: 18/18 MP: 2/2
   650 | D:1      | Reached XP level 3. HP: 11/22 MP: 3/3
  1381 | D:2      | Found a basalt altar of Yredelemnul.
  1405 | D:2      | Reached skill level 1 in Maces & Flails
  1600 | D:2      | Noticed Jessica
  1606 | D:2      | Killed Jessica
  1607 | D:2      | Reached XP level 4. HP: 27/28 MP: 4/4
  2488 | D:3      | Found a shimmering altar of Xom.
  2490 | D:3      | Found a shimmering altar of Xom.
  2490 | D:3      | Found a shimmering altar of Xom.
  2491 | D:3      | Found a shimmering altar of Xom.
  2491 | D:3      | Found a shimmering altar of Xom.
  2496 | D:3      | Reached skill level 2 in Maces & Flails
  2496 | D:3      | Reached XP level 5. HP: 33/33 MP: 5/5
  2500 | D:3      | Found a shimmering altar of Xom.
  2500 | D:3      | Found a shimmering altar of Xom.
  3491 | D:4      | Noticed a phantom
  3503 | D:4      | Found a glowing golden altar of the Shining One.
  3531 | D:4      | Killed a phantom
  3532 | D:4      | Reached skill level 3 in Maces & Flails
  3532 | D:4      | Reached XP level 6. HP: 21/39 MP: 6/6
  3822 | D:4      | Noticed Sigmund
  3988 | D:4      | Killed Sigmund
  3989 | D:4      | Reached skill level 5 in Fighting
  3989 | D:4      | Reached XP level 7. HP: 44/44 MP: 7/7
  4143 | D:4      | Reached skill level 4 in Maces & Flails
  4403 | D:4      | Found a sparkling altar of Nemelex Xobeh.
  4423 | D:4      | Noticed Natasha
  4427 | D:4      | Killed Natasha
  4707 | D:4      | Noticed Natasha
  4714 | D:4      | Killed Natasha
  4715 | D:4      | Reached skill level 5 in Armour
  4983 | D:5      | Entered Level 5 of the Dungeon
  4992 | D:5      | Reached skill level 5 in Maces & Flails
  5124 | D:5      | Noticed a wyvern
  5138 | D:5      | Killed a wyvern
  5139 | D:5      | Reached XP level 8. HP: 25/49 MP: 8/8
  5329 | D:5      | Reached skill level 6 in Maces & Flails
  5537 | D:5      | Reached skill level 7 in Maces & Flails
  5837 | D:5      | Found a hide-covered altar of Uskayaw.
  5924 | D:5      | Found a bloodstained altar of Trog.
  6293 | D:6      | Reached skill level 8 in Maces & Flails
  6313 | D:6      | Found a sand-covered staircase.
  6330 | Ossuary  | Entered an ossuary
  7882 | D:6      | Reached skill level 9 in Maces & Flails
  7912 | D:6      | Reached XP level 9. HP: 54/54 MP: 9/9
  8414 | D:7      | Reached skill level 10 in Maces & Flails
  9160 | D:7      | Found Leppi's Magic Scroll Shoppe.
  9184 | D:7      | Bought a scroll of blinking for 90 gold pieces
  9184 | D:7      | Bought a scroll of identify for 24 gold pieces
  9184 | D:7      | Bought a scroll of identify for 24 gold pieces
  9184 | D:7      | Bought a scroll of identify for 24 gold pieces
  9184 | D:7      | Bought a scroll of identify for 24 gold pieces
  9189 | D:7      | Found a staircase to the Ecumenical Temple.
  9376 | D:7      | Reached skill level 11 in Maces & Flails
  9699 | D:8      | Noticed Prince Ribbit
  9713 | D:8      | Killed Prince Ribbit
  9958 | D:8      | Slain by an orc warrior

Illustrated notes

Levels and vault maps discovered:
D:1:      amcnicky_arrival_flooded_fountain, layout_loops_ring,
          hangedman_decor_push, minmay_close_crescents
D:2:      lemuel_upstairs_altar, layout_basic, nicolae_overflow_hidden_temple,
          grunt_ministairs_3, uniq_jessica
D:3:      layout_basic, eino_tiny_chamber, nicolae_xom_altar_mimics
D:4:      layout_basic, tso_metal_star, nemelex_altar_shiori, uniq_natasha,
          uniq_sigmund
D:5:      layout_cave_pools, marbit_many_paths, eat_drink_and_be_merry_uskayaw,
          minmay_manual_monstrance
D:6:      layout_loops_corners, chequers_ossuary_entry_cave
D:7:      layout_loops_cross, temple_statues, serial_shops, shop,
          minmay_fractal_squares_5
D:8:      layout_cave_pods, uniq_prince_ribbit1, uniq_maurice

Skill      XL: |  1  2  3  4  5  6  7  8  9 |
---------------+----------------------------+-----
Armour         | 1 2 3 4 5 |  5.0
Fighting       | 3 4 5 |  5.0
Maces & Flails | 1 2 3 5 9 11 | 11.7
Throwing       | |  3.6
Dodging        | |  1.5
Stealth        | |  1.1

Action                   |  1- 3 |  4- 6 |  7- 9 || total
-------------------------+-------+-------+-------++-------
Melee: Short sword       |    81 |       |       ||    81
       Club              |    39 |       |       ||    39
       Whip              |    32 |   180 |   654 ||   866
Throw: Javelin           |     2 |     4 |    49 ||    55
       Throwing net      |       |     1 |     2 ||     3
  Use: Scroll            |       |       |    15 ||    15
       Potion            |       |       |     3 ||     3
 Stab: Sleeping          |     2 |       |       ||     2
       Held in net/web   |       |     1 |       ||     1
Armor: Leather armour    |    78 |     2 |       ||    80
       Ring mail         |       |    77 |    33 ||   110
       Scale mail        |       |       |   103 ||   103
       Plate armour      |       |       |   200 ||   200
Dodge: Dodged            |   109 |   102 |   202 ||   413
Block: Buckler           |       |       |    44 ||    44
